 Dungeon Crawl Stone Soup version 0.22-b1-21-g5cfc1688f2 (webtiles) character file.

3274 Lavandula the Cleaver (level 9, -1/72 HPs)
             Began as a Centaur Berserker on Aug 8, 2018.
             Was a Priest of Trog.
             Slain by a killer bee (5 damage)
             ... while paralysed
             ... on level 8 of the Dungeon.
             The game lasted 00:13:35 (2427 turns).

Lavandula the Cleaver (Centaur Berserker)           Turns: 2427, Time: 00:13:36

Health: -1/72      AC:  8    Str: 22    XL:     9   Next: 68%
Magic:  12/12      EV:  1    Int:  6    God:    Trog [***...]
Gold:   232        SH:  0    Dex: 10    Spells: 8/8 levels left

rFire    . . .     SeeInvis .   a - +0 hand axe
rCold    . . .     Gourm    .   (no shield)
rNeg     . . .     Faith    .   q - +0 scale mail
rPois    .         Spirit   .   j - +0 helmet
rElec    .         Reflect  .   k - +0 cloak
rCorr    .         Harm     .   (no gloves)
MR       .....                  (no barding)
Stlth    ..........             (no amulet)
HPRegen  0.22/turn              (no ring)
MPRegen  0.13/turn              (no ring)

@: paralysed, lethally poisoned (-1 -> -17), berserk cooldown, slowed, drained,
very quick
A: large, hooves 3, deformed body, speed 2, tough skin 3
a: Berserk, Trog's Hand, Renounce Religion


You were on level 8 of the Dungeon.
You worshipped Trog.
Trog was most pleased with you.
You were very hungry.

You visited 1 branch of the dungeon, and saw 9 of its levels.
You also visited: Sewer.

You collected 232 gold pieces.

Inventory:

Hand Weapons
 a - a +0 hand axe (weapon)
 v - a +0 blowgun
Missiles
 t - 2 throwing nets (quivered)
 u - 6 tomahawks
 w - 9 poisoned needles
Armour
 b - a +0 animal skin
 j - a +0 helmet (worn)
 k - a +0 cloak (worn)
 p - a +0 ring mail
 q - a +0 scale mail (worn)
 C - a +0 scale mail
Magical Staves
 o - an uncursed staff of cold {unknown}
Wands
 E - a wand of disintegration (15)
Scrolls
 e - 2 scrolls of blinking
 m - 4 scrolls of teleportation
 n - 2 scrolls of magic mapping
 r - 3 scrolls of fear
 y - a scroll of enchant weapon {unknown}
 z - a scroll of amnesia {unknown}
 F - a scroll of immolation {unknown}
Potions
 d - 2 potions of might
 f - 5 potions of curing
 g - a potion of degeneration {unknown}
 h - a potion of resistance {unknown}
 i - 4 potions of brilliance
 l - 2 potions of magic
 s - a potion of berserk rage
 x - 2 potions of flight
 A - a potion of heal wounds {unknown}
 B - a potion of lignification {unknown}
Comestibles
 c - 15 rations
 D - a chunk of flesh


   Skills:
 - Level 4.6(4.4) Fighting
 - Level 8.0(7.8) Axes
 - Level 4.0(3.8) Throwing
 - Level 1.3(1.2) Armour
 - Level 6.2(6.0) Dodging
 + Level 4.8(4.6) Evocations


You had 8 spell levels left.
You didn't know any spells.
Your spell library was empty.

Dungeon Overview and Level Annotations

Branches:
Dungeon (9/15)
 Temple: D:4-7         Lair: D:8-11         Orc: D:9-12

Altars:
Fedhas
Nemelex Xobeh


Innate Abilities, Weirdness & Mutations

You have hooves in place of feet.
Armour fits poorly on your strangely shaped body.
You cover ground very quickly.
You have extremely tough skin. (AC +3)


Message History

The killer bee stings you. The wight hits you but does no damage.
The killer bee stings you.
* * * LOW HITPOINT WARNING * * *
You are more poisoned.
The killer bee poisons you!
The killer bee stings you but does no damage.
Some of the chunks of flesh in your inventory have rotted away.
You feel sick.
The killer bee stings you but does no damage.
The killer bee stings you.
* * * LOW HITPOINT WARNING * * *
The wight hits you but does no damage. The killer bee barely misses you.
The killer bee stings you but does no damage.
You feel sick. The killer bee stings you.
* * * LOW HITPOINT WARNING * * *
The killer bee stings you!
* * * LOW HITPOINT WARNING * * *
You are more poisoned.
The killer bee poisons you! The killer bee stings you.
You die...

#.########.# #.# #.# #.# #.#
#.# ######.#### # #.#
#.........# #
#.###.####.##.# ###
#....<.....##.#
..###########.###########.##
...:...........y@y..)......#
##..###.#####.#z############
##..###.#####.#.#
##............#.#
#..###.#######.# #..# #.#
#.# #..# #.# #.# ##.# #.#
#.# .# #.#


You could see 2 killer bees and a wight.

Vanquished Creatures
  A two-headed ogre (D:8)
  Prince Ribbit (D:8)
  A hippogriff (D:8)
  A yak (D:7)
  A human (D:7)
  3 hogs (D:7)
  An ice beast (D:8)
  An orc warrior (D:8)
  2 centaurs (D:8)
  3 ogres
  4 big kobolds (Sewer)
  A scorpion (D:4)
  2 killer bees (D:9)
  A howler monkey (D:8)
  A crimson imp (D:8)
  A quasit (D:5)
  A centaur zombie (D:3)
  A hound (D:8)
  A centaur skeleton (D:7)
  A bullfrog skeleton (D:8)
  An orc priest (D:8)
  2 iguanas (D:8)
  3 orc wizards
  A worker ant (D:6)
  A hound zombie (D:8)
  A hound skeleton (D:8)
  A worker ant zombie (D:7)
  5 adders
  4 oozes
  An adder zombie (D:7)
  A worm (Sewer)
  9 leopard geckos
  10 orcs
  6 ball pythons
  4 giant cockroaches
  7 goblins
  2 hobgoblins
  3 jackals (D:1)
  5 kobolds (Sewer)
  2 quokkas
  2 bats (D:3)
  4 frilled lizards
  3 rats
107 creatures vanquished.

Notes
Turn   | Place    | Note
-------+----------+-------------------------------------------
     0 | D:1      | Lavandula the Centaur Berserker began the quest for the Orb.
     0 | D:1      | Reached XP level 1. HP: 19/19 MP: 1/1
   155 | D:1      | Reached skill level 3 in Axes
   189 | D:1      | Reached XP level 2. HP: 18/26 MP: 2/2
   631 | D:3      | Reached skill level 4 in Axes
   631 | D:3      | Reached XP level 3. HP: 26/31 MP: 3/3
   711 | D:3      | Reached ** piety under Trog
   753 | D:3      | Reached XP level 4. HP: 38/38 MP: 4/4
   881 | D:4      | Noticed an ogre
   885 | D:4      | Killed an ogre
   885 | D:4      | Reached skill level 5 in Axes
   885 | D:4      | Reached XP level 5. HP: 45/45 MP: 5/5
   986 | D:5      | Entered Level 5 of the Dungeon
  1016 | D:4      | Noticed an ogre
  1020 | D:4      | Killed an ogre
  1020 | D:4      | Reached skill level 6 in Axes
  1020 | D:4      | Reached XP level 6. HP: 51/51 MP: 6/6
  1112 | D:6      | Noticed an orc warrior
  1145 | D:6      | Found a glowing drain.
  1161 | Sewer    | Entered a sewer
  1354 | Sewer    | Reached skill level 7 in Axes
  1362 | Sewer    | Reached *** piety under Trog
  1362 | Sewer    | Reached XP level 7. HP: 48/57 MP: 7/7
  1566 | D:6      | Reached skill level 8 in Axes
  1604 | D:7      | Found a sparkling altar of Nemelex Xobeh.
  1742 | D:8      | Found a blossoming altar of Fedhas.
  1886 | D:7      | Noticed a hog
  1886 | D:7      | Noticed a yak
  1886 | D:7      | Noticed a human
  1887 | D:7      | Noticed a hog
  1887 | D:7      | Noticed a hog
  1892 | D:7      | Killed a human
  1892 | D:7      | Reached XP level 8. HP: 63/63 MP: 8/8
  1983 | D:8      | Noticed Prince Ribbit
  1983 | D:8      | Noticed a hippogriff
  1989 | D:8      | Reached skill level 5 in Dodging
  1992 | D:8      | Killed a hippogriff
  1999 | D:8      | Killed Prince Ribbit
  1999 | D:8      | Reached XP level 9. HP: 20/70 MP: 9/9
  2291 | D:9      | Reached skill level 1 in Evocations
  2340 | D:8      | Noticed a two-headed ogre
  2376 | D:8      | Killed a two-headed ogre
  2427 | D:8      | Slain by a killer bee

Skill      XL: |  1  2  3  4  5  6  7  8  9 |
---------------+----------------------------+-----
Axes           | 3 4 5 6 7 8 |  8.0
Throwing       | 4 |  4.0
Dodging        | 6 |  6.2
Fighting       | 4 |  4.6
Evocations     | 4 |  4.8
Armour         | |  1.3

Action                   |  1- 3 |  4- 6 |  7- 9 || total
-------------------------+-------+-------+-------++-------
Melee: Hand axe          |    53 |   125 |   143 ||   321
       Quarterstaff      |     9 |       |       ||     9
       Kick              |     7 |    23 |    39 ||    69
 Fire: Blowgun           |       |       |    19 ||    19
Invok: Berserk           |     3 |     5 |    10 ||    18
       Trog's Hand       |       |       |     3 ||     3
  Use: Scroll            |     7 |     1 |     3 ||    11
       Potion            |       |       |     2 ||     2
  Eat: Chunk             |     1 |     6 |    13 ||    20
Armor: Animal skin       |    24 |       |       ||    24
       Scale mail        |       |    87 |    60 ||   147
Dodge: Dodged            |    31 |    48 |    63 ||   142
